Map: Interloper LE

Players

PiLiPiLi - Winner!

  • Race: Protoss Protoss
  • Spawn Location: 5:00

PtitDrogo

  • Race: Protoss Protoss
  • Spawn Location: 11:00

Event: WCS Montreal 2017

VOD

Have the link to the VOD?

Description

Time

  • Played on: Sept. 8, 2017, 4:25 p.m.
  • Length: 10:11

All games in this series

Show
View Real Time Build Order
Export as new Build Order

PiLiPiLi Protoss - Winner!

Build Orders: Zealot Archon, Dark Templar Rush 

Get SALT Encoding   

  12  0:00  Probe (Chrono Boost)  
  13  0:11  Probe (Chrono Boost)  
  14  0:17  Pylon  
  14  0:22  Probe (Chrono Boost)  
  15  0:35  Probe (Chrono Boost)  
  16  0:36  Gateway  
  16  0:43  Assimilator  
  16  0:45  Probe (Chrono Boost)  
  17  0:51  Assimilator  
  17  0:56  Probe (Chrono Boost)  
  18  1:04  Gateway  
  18  1:08  Probe (Chrono Boost)  
  19  1:19  Probe (Chrono Boost)  
  19  1:23  Cybernetics Core  
  20  1:29  Probe (Chrono Boost)  
  21  1:34  Pylon  
  22  1:40  Probe (Chrono Boost)  
  22  1:50  Probe (Chrono Boost)  
  23  2:00  Warp Gate (Chrono Boost)  
  23  2:02  Stalker  
  27  2:10  Stalker  
  29  2:17  Pylon  
  29  2:21  Twilight Council  
  27  2:26  Mothership Core  
  31  2:47  Probe  
  32  2:58  Nexus  
  30  3:06  Dark Shrine  
  30  3:08  Probe  
  31  3:18  Pylon  
  31  3:21  Probe  
  32  3:33  Pylon  
  32  3:35  Probe (Chrono Boost)  
  33  3:41  Robotics Facility  
  33  3:47  Probe (Chrono Boost)  
  34  3:55  Stalker  
  36  3:58  Probe (Chrono Boost)  
  38  4:10  Probe x2 (Chrono Boost)  
  39  4:19  Dark Templar x2  
  39  4:20  Probe (Chrono Boost)  
  39  4:23  Probe (Chrono Boost)  
  45  4:26  Warp Prism (Chrono Boost)  
  47  4:39  Probe x2 (Chrono Boost)  
  49  4:50  Probe  
  49  4:51  Probe  
  49  4:52  Resonating Glaives (Chrono Boost)  
  51  4:59  Immortal  
  49  5:03  Probe  
  49  5:04  Probe  
  55  5:15  Probe  
  55  5:16  Probe  
  57  5:24  Sentry x2, Gateway  
  57  5:27  Probe, Nexus  
  62  5:29  Probe, Pylon  
  63  5:37  Assimilator, Observer  
  63  5:39  Probe  
  63  5:41  Assimilator  
  63  5:42  Probe  
  66  5:51  Probe  
  67  5:57  Probe  
  67  5:58  Gateway x2  
  67  5:59  Gateway  
  67  6:01  Immortal  
  67  6:04  Probe  
  73  6:12  Probe  
  73  6:13  Pylon  
  73  6:16  Probe  
  73  6:18  Forge  
  75  6:24  Probe, Archon  
  76  6:28  Pylon  
  76  6:29  Dark Templar  
  76  6:31  Dark Templar  
  80  6:34  Adept, Pylon  
  80  6:37  Archon  
  80  6:39  Immortal  
  86  6:49  Probe x2  
  86  6:51  Gateway  
  88  6:55  Probe  
  88  6:56  Adept x2  
  88  6:58  Adept  
  95  7:03  Adept  
  95  7:04  Adept  
  99  7:18  Adept x3  
  105  7:26  Adept x3  
  107  7:40  Gateway, Pylon  
  107  7:41  Pylon  
  107  7:43  Adept  
  107  7:44  Adept x2  
  111  7:46  Adept x2  
  117  7:57  Pylon  
  120  7:58  Probe x3  
  120  8:02  Dark Templar x4  
  128  8:07  Adept x2, Archon  
  128  8:09  Archon  
  113  8:31  Adept x5  
  112  8:36  Adept  
  112  8:37  Adept  
  104  8:47  Observer (Chrono Boost)  
  98  8:52  Adept x3  
  98  8:53  Adept  
  94  9:06  Observer (Chrono Boost)  
  78  9:14  Adept x8  
  66  9:48  Adept  
  66  9:49  Adept x6  
  80  10:02  Stalker  
Show
View Real Time Build Order
Export as new Build Order

PtitDrogo Protoss 

Build Orders: Zealot Archon 

Get SALT Encoding   

  12  0:01  Probe (Chrono Boost)  
  13  0:11  Probe (Chrono Boost)  
  14  0:17  Pylon  
  14  0:22  Probe (Chrono Boost)  
  15  0:35  Probe (Chrono Boost)  
  16  0:36  Gateway  
  16  0:41  Assimilator  
  16  0:46  Probe (Chrono Boost)  
  17  0:51  Assimilator  
  17  0:56  Probe (Chrono Boost)  
  18  1:07  Probe (Chrono Boost)  
  18  1:10  Gateway  
  19  1:17  Probe (Chrono Boost)  
  20  1:23  Cybernetics Core  
  20  1:28  Probe (Chrono Boost)  
  21  1:32  Pylon  
  21  1:38  Probe (Chrono Boost)  
  22  1:49  Probe (Chrono Boost)  
  23  2:00  Stalker x2  
  27  2:02  Warp Gate (Chrono Boost)  
  27  2:09  Mothership Core  
  29  2:20  Pylon  
  29  2:33  Stalker  
  31  2:37  Stalker  
  31  2:40  Probe  
  34  3:04  Nexus  
  34  3:11  Pylon  
  34  3:12  Probe  
  35  3:15  Sentry  
  35  3:18  Sentry  
  39  3:29  Probe (Chrono Boost)  
  39  3:33  Robotics Facility  
  40  3:41  Probe (Chrono Boost)  
  41  3:51  Probe (Chrono Boost)  
  41  3:52  Stalker  
  44  4:02  Probe (Chrono Boost)  
  45  4:10  Twilight Council  
  45  4:12  Probe (Chrono Boost)  
  45  4:15  Probe (Chrono Boost)  
  47  4:21  Observer (Chrono Boost)  
  47  4:22  Phoenix  
  47  4:23  Probe, Sentry  
  51  4:24  Probe  
  52  4:35  Probe x2, Blink (Chrono Boost)  
  54  4:39  Pylon  
  54  4:45  Probe  
  54  4:47  Probe  
  56  4:56  Probe  
  56  4:59  Probe  
  62  5:07  Probe  
  62  5:09  Assimilator  
  62  5:10  Assimilator  
  62  5:11  Probe  
  64  5:15  Observer (Chrono Boost), Pylon  
  64  5:19  Probe  
  62  5:23  Probe  
  62  5:27  Gateway x2  
  63  5:31  Probe, Pylon  
  63  5:35  Probe, Nexus  
  64  5:38  Pylon  
  65  5:43  Probe  
  66  5:53  Probe  
  71  5:57  Probe, Immortal (Chrono Boost)  
  71  6:03  Gateway x2  
  72  6:06  Probe  
  72  6:08  Pylon  
  73  6:14  Templar Archives  
  73  6:18  Probe  
  74  6:24  Sentry x2, Stalker x2  
  82  6:34  Warp Prism (Chrono Boost), Probe  
  82  6:37  Probe  
  86  6:46  Probe x2  
  87  6:49  Probe  
  87  6:50  Stalker x2  
  87  6:51  Pylon  
  93  7:02  Probe  
  93  7:03  Probe  
  93  7:07  Probe  
  95  7:11  Dark Shrine, Immortal (Chrono Boost)  
  100  7:19  Stalker x4  
  100  7:20  Stalker  
  104  7:34  Stalker  
  106  7:39  Pylon  
  106  7:40  Pylon x2  
  106  7:41  Pylon  
  106  7:45  High Templar x2, Zealot  
  106  7:46  Zealot x2  
  106  7:50  Archon  
  116  7:56  Pylon  
  116  7:59  Immortal (Chrono Boost)  
  116  8:00  Pylon  
  116  8:02  Adept  
  122  8:09  Assimilator  
  122  8:10  Assimilator  
  122  8:12  Adept x2  
  126  8:14  Adept  
  126  8:25  Dark Templar x2  
  108  8:36  Adept x4  
  98  8:46  Probe  
  83  8:50  Probe  
  78  8:56  Dark Templar x2  
  78  8:57  Probe  
  78  8:59  Probe  
  79  9:07  Dark Templar  
  79  9:09  Probe x2  
  55  9:12  Probe  
  38  9:18  Dark Templar  
  38  9:20  Probe  
  38  9:21  Probe  
  38  9:24  Probe  
  33  9:30  Probe  
  23  9:33  Probe  
  23  9:36  Probe  
  25  9:41  Probe  
  26  9:45  Probe  
  26  9:48  Probe  
  26  9:50  Archon x2  
  26  9:51  Probe  
  30  9:55  Dark Templar  
  30  9:58  Probe  
  34  10:05  Stalker  
Tags
 
Add a new tag
Caveats
  • Supply blocks, unpowered buildings, or Contaminate may cause inaccurate times.
  • Supply counts are checked every 10 seconds.